 Dungeon Crawl Stone Soup version 0.32-a0-931-g5a2cda0630 (webtiles) character file.

Game seed: 15605400448062256381

12366 Ofeo the Carver (level 11, -1/89 HPs)
             Began as a Coglin Artificer on Apr 14, 2024.
             Was a Believer of Wu Jian.
             Slain by a troll (7 damage)
             ... on level 11 of the Dungeon.
             The game lasted 00:22:09 (15343 turns).

Ofeo the Carver (Coglin Artificer)                 Turns: 15343, Time: 00:22:10

Health: -1/89      AC:  5    Str: 12    XL:     11   Next: 92%
Magic:  11/11      EV: 12    Int: 10    God:    Wu Jian [**....]
Gold:   432        SH:  0    Dex: 20    Spells: 10/10 levels left

rFire   . . .        L - +4 scimitar (heavy) {Pete}
rCold   . . .        i - +1 double sword (elec) {Yawen}
rNeg    . . .        I - +0 troll leather armour
rPois   .            u - +0 helmet
rElec   .            (no cloak)
rCorr   .            x - +2 pair of gloves
SInv    .            (no boots)
Will    .....        (amulet unavailable)
Stlth   ++           (ring unavailable)
HPRegen 1.14/turn    (ring unavailable)
MPRegen 0.12/turn    (no gizmo)

%: no passive effects
@: revving
A: off-hand wielding, slow wielding, warmup strikes, no jewellery, deformed body
a: Invent Gizmo, Renounce Religion, Wall Jump


You were on level 11 of the Dungeon.
You worshipped Wu Jian.
Wu Jian was pleased with you.
You visited 2 branches of the dungeon, and saw 12 of its levels.

You collected 542 gold pieces.
You spent 110 gold pieces at shops.

Inventory:

Hand Weapons
 i - a +1 double sword of electrocution (offhand) {Yawen}
 r - a +2 dagger of electrocution {Jacinta}
 G - a +1 dagger of venom {Doyun}
 L - a +4 heavy scimitar (weapon) {Pete}
Missiles
 f - a throwing net
 o - 4 curare-tipped darts
Armour
 u - a +0 helmet (worn)
 w - a +0 robe of resistance
 x - a +2 pair of gloves (worn)
 y - the +1 leather armour of Ybleereu {Will+ rCorr Dex-2}
   (You took it off an orc wizard on level 9 of the Dungeon)

   Dex-2:     It affects your dexterity (-2).
   Will+:     It increases your willpower.
   rCorr:     It protects you from acid and corrosion.
 I - a +0 troll leather armour (worn)
Wands
 b - a wand of digging (7) {@v1}
 c - a wand of flame (15) (quivered)
 d - a wand of charming (20)
 g - a wand of iceblast (1) {@v4}
 l - a wand of warping (3)
 v - a wand of mindburst (19)
Scrolls
 j - 2 scrolls of summoning
 n - 3 scrolls of enchant armour
 p - 2 scrolls of blinking {@r4}
 t - 4 scrolls of teleportation {@r3}
 z - 2 scrolls of revelation
 A - 2 scrolls of immolation
 B - 2 scrolls of vulnerability
 C - a scroll of amnesia
 E - a scroll of torment
 H - a scroll of poison
Potions
 a - a potion of lignification {unknown}
 e - 3 potions of enlightenment
 k - 3 potions of attraction
 m - 2 potions of might {@q4}
 q - 2 potions of curing {@q1}
 s - 3 potions of haste {@q3}
 D - a potion of brilliance
 F - a potion of magic
 R - 2 potions of berserk rage


   Skills:
 - Level 9.5 Fighting
 - Level 5.7(9.4) Short Blades
 + Level 12.6(13.1) Long Blades
 - Level 2.1 Armour
 + Level 3.0 Dodging
 - Level 1.2 Stealth
 - Level 10.0 Evocations


You had 10 spell levels left.
You didn't know any spells.
Your spell library contained the following spells:

 Spells                   Type           Power      Damage    Failure   Level
 Foxfire                  Conj/Fire      0%         2x1d4     43%         1
 Call Imp                 Summ           0%         N/A       58%         2
 Cigotuvi's Dreadful Rot  Necr/Alch/Air  0%         N/A       58%         2
 Sublimation of Blood     Necr           0%         N/A       58%         2
 Volatile Blastmotes      Fire/Tloc      0%         2d10      82%         3
 Fulminant Prism          Conj/Alch      0%         3d5       99%         4
 Ignite Poison            Fire/Alch      0%         N/A       99%         4
 Iskenderun's Mystic Bla Conj/Tloc 0%             2d3        (+2d1     99%         4
 Freezing Cloud           Conj/Ice/Air   0%         6-21      100%        5
 Plasma Beam              Fire/Air       0%         2x1d10    100%        6
 Starburst                Conj/Fire      0%         6d3       100%        6
 Summon Hydra             Summ           0%         N/A       100%        7


Dungeon Overview and Level Annotations

Branches:
Dungeon (11/15)            Temple (1/1) D:6            Lair (0/5) D:8
    Orc (0/2) D:9

Altars:
Ashenzari
Cheibriados
Dithmenos
Elyvilon
Fedhas
Gozag
Hepliaklqana
Kikubaaqudgha
Makhleb
Nemelex Xobeh
Okawaru
Qazlal
Ru
Sif Muna
Trog
Uskayaw
Vehumet
Wu Jian
Xom
Yredelemnul
Zin
The Shining One

Shops:
D:8 *

Annotations:
D:3 1 runed translucent door, Crazy Yiuf
D:7 1 runed translucent door, ezpacito's ghost, novice CoCK


Innate Abilities, Weirdness & Mutations

You can wield a second weapon in your off-hand.
It takes a long time for you to wield or remove held weapons.
Your first few attacks do less damage.
You cannot equip rings or amulets.
Armour fits poorly on your strangely shaped body.


Message History

Things that are here:
a +0 giant club; a +0 giant club You swap places.
You swap places.
There is a stone staircase leading down here.
You regained 2 hp, and now have 57/89 hp.
Your yak dissolves into shadows!
You swap places.
You swap places.
There is a stone staircase leading down here.
You regained 2 hp, and now have 65/89 hp.
You swap places.
You swap places.
Your yak dissolves into shadows!
There is a stone staircase leading down here.
You swap places.
There is a stone staircase leading down here.
You climb downwards.
Your summoned allies are left behind.
You feel a wave of frost pass over you.
There is an entrance to an ice cave on this level.
Hurry and find it before the portal melts!
You hear the faint crackling of a melting archway very nearby.
The troll bites you. The troll claws you. x2
A komodo dragon comes into view.
The troll misses you. The troll claws you. The troll claws you!
There is a stone staircase leading up, spattered with blood here.
You take 19 damage, and have 50/89 hp.
MASSIVE DAMAGE!!
You barely miss the troll with your +4 heavy scimitar.
You closely miss the troll with your +1 double sword of electrocution.
The troll bites you! The troll claws you! The troll barely misses you.
You take 20 damage, and have 30/89 hp.
MASSIVE DAMAGE!!
You slash the troll with your +1 double sword of electrocution!
The troll is moderately wounded.
You hit the troll with your +4 heavy scimitar.
The troll bites you. The troll completely misses you. The troll claws you!
* * * LOW HITPOINT WARNING * * *
You take 14 damage, and have 16/89 hp.
The troll bites you!
* * * LOW HITPOINT WARNING * * *
The troll claws you but does no damage. The troll claws you!
You die...

......>..#
.........#
.........#
...../...#
.........#
.).......#
?........#
.......@.#
........T#
.........#
..l......#
..........
...........
.........##
#####
.........#
.....


You could see a komodo dragon and a troll.

Vanquished Creatures
  2 two-headed ogres (D:10)
  Pikel (D:5)
  2 manticores (D:11)
  Joseph (D:10)
  3 kobold demonologists
  A troll (D:10)
  2 hornets (D:10)
  6 slime creatures (D:9)
  Sigmund (D:2)
  A wyvern (D:9)
  2 steam dragons (D:8)
  3 yaks
  A water moccasin (D:8)
  A swamp drake (D:9)
  7 orc warriors
  3 ice beasts
  3 black bears
  3 ogres
  A lemure (D:5)
  5 centaurs
  2 phantoms
  Blork the orc (D:6)
  5 kobold brigands
  2 bullfrogs
  A scorpion (D:4)
  8 wights
  20 killer bees
  2 electric eels (D:7)
  4 howler monkeys
  A gnoll bouda (D:7)
  A hound (D:6)
  2 bombardier beetles
  7 orc priests
  2 sleepcaps
  An iguana (D:6)
  13 orc wizards
  4 adders
  11 gnolls
  2 shadow imps
  A white imp (D:7)
  2 ufetubi (D:7)
  11 dart slugs
  3 ribbon worms
  46 orcs
  8 endoplasms
  6 giant cockroaches
  5 goblins
  4 hobgoblins
  11 kobolds
  2 quokkas
  5 ball pythons
  5 bats
  2 frilled lizards (D:1)
  2 rats (D:3)
251 creatures vanquished.

Vanquished Creatures (collateral kills)
  A boulder beetle (D:10)
  3 yaks (D:10)
4 creatures vanquished.

Vanquished Creatures (others)
  A wraith (D:11)
  A yak (D:10)
2 creatures vanquished.

Grand Total: 257 creatures vanquished

Notes
Turn   | Place    | Note
-------+----------+-------------------------------------------
     0 | D:1      | Ofeo the Coglin Artificer began the quest for the Orb.
     0 | D:1      | Reached XP level 1. HP: 15/15 MP: 1/1
   186 | D:1      | Reached skill level 1 in Dodging
   323 | D:1      | Reached skill level 1 in Stealth
   400 | D:1      | Reached XP level 2. HP: 19/21 MP: 2/2
   906 | D:1      | Reached XP level 3. HP: 24/26 MP: 3/3
  1511 | D:2      | Noticed Sigmund
  1530 | D:2      | Killed Sigmund
  1531 | D:2      | Reached XP level 4. HP: 12/38 MP: 4/4
  1531 | D:2      | Reached XP level 5. HP: 13/43 MP: 5/5
  1945 | D:2      | Found a faded altar of an unknown god.
  1951 | D:2      | Reached skill level 5 in Fighting
  2175 | D:2      | Prayed at the altar of an unknown god.
  2175 | D:2      | Became a worshipper of Elyvilon the Healer
  2175 | D:2      | Reached * piety under Elyvilon
  2191 | D:3      | Reached XP level 6. HP: 51/51 MP: 6/6
  2624 | D:3      | Reached ** piety under Elyvilon
  2632 | D:3      | Found a runed translucent door.
  2633 | D:3      | Noticed Crazy Yiuf
  3304 | D:4      | Found a snail-covered altar of Cheibriados.
  3498 | D:4      | Found a shadowy altar of Dithmenos.
  4132 | D:5      | Entered Level 5 of the Dungeon
  4190 | D:5      | Noticed Pikel
  4221 | D:5      | Killed Pikel
  4222 | D:5      | Reached XP level 7. HP: 25/61 MP: 7/7
  4988 | D:5      | Reached XP level 8. HP: 42/69 MP: 8/8
  5586 | D:5      | Reached *** piety under Elyvilon
  6314 | D:6      | Reached skill level 5 in Evocations
  6380 | D:6      | You fall into a shaft and drop 2 floors!
  6846 | D:7      | Reached XP level 9. HP: 51/77 MP: 9/9
  6854 | D:7      | Found a runed translucent door.
  6854 | D:7      | Noticed ezpacito's ghost (novice CoCK)
  7892 | D:7      | Reached skill level 10 in Evocations
  7930 | D:7      | Reached skill level 1 in Short Blades
  8194 | D:7      | Reached **** piety under Elyvilon
  8317 | D:7      | Found a glowing golden altar of the Shining One.
  8374 | D:7      | Found a glowing silver altar of Zin.
  8377 | D:7      | Found a shimmering blue altar of Sif Muna.
  8381 | D:7      | Found a basalt altar of Yredelemnul.
  8837 | D:6      | Found a staircase to the Ecumenical Temple.
  8994 | D:6      | Noticed Blork the orc
  9013 | D:6      | Killed Blork the orc
  9065 | Temple   | Entered the Ecumenical Temple
  9094 | Temple   | Fell from the grace of Elyvilon
  9094 | Temple   | Became a worshipper of the Wu Jian Council
  9174 | D:6      | Found an iron altar of Okawaru.
  9482 | D:6      | Reached skill level 5 in Short Blades
 10129 | D:8      | Found a staircase to the Lair.
 10275 | D:8      | Reached skill level 1 in Long Blades
 10275 | D:8      | Reached XP level 10. HP: 82/83 MP: 10/10
 10318 | D:8      | Reached skill level 2 in Long Blades
 10443 | D:8      | Reached skill level 3 in Long Blades
 10455 | D:8      | Reached skill level 4 in Long Blades
 11058 | D:8      | Found a blossoming altar of Fedhas.
 11356 | D:8      | Found a hazy altar of Hepliaklqana.
 11430 | D:8      | Found Atugiana's Assorted Antiques.
 11438 | D:8      | Bought a curved ivory wand for 76 gold pieces
 11438 | D:8      | Bought a golden potion for 17 gold pieces
 11438 | D:8      | Bought a viscous blue potion for 17 gold pieces
 11725 | D:8      | Reached skill level 5 in Long Blades
 11870 | D:9      | Reached * piety under Wu Jian
 12216 | D:9      | Noticed a kobold demonologist
 12218 | D:9      | Noticed a kobold demonologist
 12221 | D:9      | Noticed a kobold demonologist
 12367 | D:9      | Noticed an orange demon
 12367 | D:9      | Killed a kobold demonologist
 12367 | D:9      | Identified the +1 leather armour of Ybleereu {Will+ rCorr
                  | Dex-2}
 12368 | D:9      | Reached skill level 6 in Long Blades
 12372 | D:8      | HP: 3/83 [kobold demonologist/+2 dagger of electrocution
                  | (3)]
 12373 | D:8      | Noticed a smoke demon
 12377 | D:8      | Gained mutation: Armour fits poorly on your strangely
                  | shaped body. [a neqoxec]
 12411 | D:8      | Killed a kobold demonologist
 12591 | D:8      | Killed a kobold demonologist
 12592 | D:8      | Reached skill level 7 in Long Blades
 12806 | D:9      | Found a stormy altar of Qazlal.
 12862 | D:8      | Identified a scroll of acquirement
 12862 | D:8      | Acquired a +1 double sword of electrocution
 13097 | D:9      | Reached skill level 8 in Long Blades
 13667 | D:9      | Reached skill level 9 in Long Blades
 13866 | D:9      | Reached XP level 11. HP: 89/89 MP: 11/11
 13999 | D:9      | Reached ** piety under Wu Jian
 14002 | D:9      | Reached skill level 10 in Long Blades
 14227 | D:9      | Found a staircase to the Orcish Mines.
 14390 | D:10     | Entered Level 10 of the Dungeon
 14418 | D:10     | Noticed a two-headed ogre
 14426 | D:10     | Killed a two-headed ogre
 14432 | D:10     | Reached skill level 11 in Long Blades
 14924 | D:10     | Noticed Joseph
 14936 | D:10     | Killed Joseph
 15053 | D:10     | Noticed a two-headed ogre
 15060 | D:10     | Killed a two-headed ogre
 15061 | D:10     | Reached skill level 12 in Long Blades
 15291 | D:11     | Noticed a manticore
 15293 | D:11     | Killed a manticore
 15295 | D:11     | Noticed a manticore
 15299 | D:11     | Noticed a boulder beetle
 15303 | D:11     | Killed a manticore
 15314 | D:10     | Killed a boulder beetle
 15343 | D:11     | Slain by a troll

Illustrated notes

Levels and vault maps discovered:
D:1:      dpeg_arrival_rhombi, layout_loops_corners,
          chequers_serial_rivers_room_b
D:2:      layout_loops_ring, dreamdust_ecumenical_altar_statues, uniq_sigmund
D:3:      layout_loops_ring, serial_rivers, chequers_serial_rivers_room_b,
          chequers_serial_rivers_micro_d, chequers_serial_rivers_room_b,
          chequers_serial_rivers_micro_a, chequers_serial_rivers_small_a,
          uniq_crazy_yiuf_cottage
D:4:      layout_loops_ring, lemuel_round_altar,
          mainiacjoe_overflow_surrounded_room
D:5:      layout_basic, minivault_27, st_stairs_6,
          hangedman_abyss_or_decor_stabs, uniq_pikel
D:6:      layout_basic, nicolae_overflow_crystal_walls,
          minmay_temple_entry_overgrown, uniq_blork_the_orc
D:7:      kennysheep_slugbush, layout_cave_pools, nicolae_tso_carved_into_rock,
          grunt_temple_overflow_diamond, hellmonk_ghost_happy_afterlife
D:8:      layout_gridville, kennysheep_mini_moat, mainiacjoe_overflow_24_doors,
          lair_entry_dummy, serial_shops, shop
D:9:      minmay_spotlight, layout_rooms, nicolae_overflow_hidden_temple,
          erik_orc_1
D:10:     layout_rooms, uniq_joseph
D:11:     layout_long_grid, portal_ice_cave_entry_ice_simulacra, uniq_maurice
Temple:   nicolae_temple_x_marks_the_god

Skill      XL: |  1  2  3  4  5  6  7  8  9 10 11 |
---------------+----------------------------------+-----
Dodging        | 1 3 |  3.0
Stealth        | 1 |  1.2
Armour         | 2 |  2.1
Fighting       | 4 5 7 8 9 |  9.5
Evocations     | 8 10 | 10.0
Short Blades   | 5 |  5.7
Long Blades    | 1 9 12 | 12.6

Action                     |  1- 3 |  4- 6 |  7- 9 | 10-12 || total
---------------------------+-------+-------+-------+-------++-------
  Melee: Battleaxe         |    36 |       |       |       ||    36
         Dagger            |    17 |       |    10 |    77 ||   104
         Club              |     8 |       |       |       ||     8
         Short sword       |    23 |    31 |       |       ||    54
         War axe           |    15 |    78 |    95 |       ||   188
         Flail             |       |    29 |     4 |       ||    33
         Mace              |       |    16 |       |       ||    16
         Whip              |       |       |   252 |       ||   252
         Hand axe          |       |       |   164 |       ||   164
         Scimitar          |       |       |    13 |   195 ||   208
         Double sword      |       |       |       |   109 ||   109
Ability: Lunge             |       |       |     6 |    29 ||    35
         Whirlwind         |       |       |       |    22 ||    22
  Evoke: Wand              |     2 |       |     4 |    16 ||    22
    Use: Scroll            |     1 |    11 |     1 |    11 ||    24
         Potion            |       |       |     1 |     6 ||     7
 Armour: Leather armour    |    42 |       |       |       ||    42
         Chain mail        |    19 |   111 |   387 |   235 ||   752
         Scale mail        |     2 |       |       |       ||     2
         Troll leather arm |       |       |       |    43 ||    43
  Dodge: Dodged            |    40 |    35 |   125 |    89 ||   289

Table legend: (Time is in decaauts)
 A = Elapsed time spent in this place.
 B = Non-inter-level travel time spent in this place.
 C = Inter-level travel time spent in this place.
 D = Time resting spent in this place.
 E = Time spent auto-exploring this place.
 F = Levels seen in this place.
 G = Mean time per level.
                   A        B        C        D        E       F      G
               +--------+--------+--------+--------+--------+-----+--------+
         Total |  15587 |  14776 |    811 |   3803 |   8512 |  12 | 1298.9 |
       Dungeon |  15551 |  14741 |    810 |   3803 |   8512 |  11 | 1413.7 |
        Temple |     36 |     36 |      0 |      0 |      0 |   1 |   36.0 |
               +--------+--------+--------+--------+--------+-----+--------+

Top non-repeatable levels by time:
     D:8: 3534 daAuts
     D:9: 1804 daAuts
     D:6: 1784 daAuts
     D:7: 1665 daAuts
     D:4: 1610 daAuts
     D:5: 1257 daAuts
     D:1: 1189 daAuts
     D:2: 1030 daAuts
     D:3: 989 daAuts
    D:10: 665 daAuts
  Temple: 36 daAuts
    D:11: 20 daAuts
